 Dungeon Crawl Stone Soup version 0.22.0 (webtiles) character file.

310 Peloso the Shield-Bearer (level 6, -15/53 HPs)
             Began as a Minotaur Fighter on Aug 11, 2018.
             Demolished by an ogre
             ... wielding a +0 giant club
              (18 damage)
             ... on level 4 of the Dungeon.
             The game lasted 00:03:48 (2235 turns).

Peloso the Shield-Bearer (Minotaur Fighter)         Turns: 2235, Time: 00:03:50

Health: -15/53     AC:  7    Str: 21    XL:     6   Next: 17%
Magic:  5/5        EV:  8    Int:  5    God:
Gold:   77         SH: 10    Dex: 11    Spells: 5/5 levels left

rFire    . . .     SeeInvis .   a - +0 long sword
rCold    . . .     Gourm    .   c - +0 shield
rNeg     . . .     Faith    .   b - +0 scale mail
rPois    .         Spirit   .   (helmet restricted)
rElec    .         Reflect  .   (no cloak)
rCorr    +         Harm     .   (no gloves)
MR       .....                  (no boots)
Stlth    ..........             n - amulet of the acrobat
HPRegen  0.17/turn              m - ring of resist corrosion
MPRegen  0.09/turn              (no ring)

@: no status effects
A: retaliatory headbutt, horns 2
a: no special abilities


You were on level 4 of the Dungeon.
You were hungry.

You visited 1 branch of the dungeon, and saw 4 of its levels.

You collected 77 gold pieces.

Inventory:

Hand Weapons
 a - a +0 long sword (weapon)
Armour
 b - a +0 scale mail (worn)
 c - a +0 shield (worn)
Jewellery
 m - a ring of resist corrosion (left hand)
 n - an amulet of the acrobat (around neck)
Scrolls
 e - a scroll of identify {unknown}
 g - a scroll of enchant weapon {unknown}
 h - 2 scrolls of magic mapping {unknown}
 i - 2 scrolls of fog {unknown}
 l - a scroll of amnesia {unknown}
 p - 3 scrolls of remove curse {unknown}
 q - 3 scrolls of teleportation {unknown}
 v - a scroll of enchant armour {unknown}
Potions
 d - a potion of might
 j - 2 potions of degeneration {unknown}
 k - a potion of curing {unknown}
 o - a potion of berserk rage {unknown}
 r - 2 potions of lignification {unknown}
 s - a potion of resistance {unknown}
 t - 2 potions of invisibility {unknown}
 u - a potion of agility {unknown}
Comestibles
 f - 9 rations
 w - 2 chunks of flesh


   Skills:
 + Level 4.4 Fighting
 + Level 5.2 Long Blades
 + Level 4.8 Armour
 + Level 0.9 Dodging
 + Level 5.3 Shields


You had 5 spell levels left.
You didn't know any spells.
Your spell library was empty.

Dungeon Overview and Level Annotations

Branches:
Dungeon (4/15)
 Temple: D:4-7

Altars:
Gozag
Kikubaaqudgha
Trog
Xom
Zin


Innate Abilities, Weirdness & Mutations

You reflexively headbutt those who attack you in melee.
You have a pair of horns on your head.


Message History

The ogre shouts!
An ogre is nearby!
You aren't carrying any items that you can evoke.
Found 7 poisoned needles.
You hit the ogre but do no damage. The ogre hits you with a giant club!
Your shield prevents you from hitting the ogre.
The ogre hits you with a giant club!
You hit the ogre. You headbutt the ogre.
The ogre is moderately wounded.
The ogre hits you with a giant club!
* * * LOW HITPOINT WARNING * * *
You are feeling hungry.
You hit the ogre.
The ogre is moderately wounded.
The ogre hits you with a giant club!
* * * LOW HITPOINT WARNING * * *
You hit the ogre. Your headbutt misses the ogre.
The ogre is heavily wounded.
The ogre hits you with a giant club!!
You die...

....( ......
......##########
#..............
#..............
#..............
#..............
#......@O......
#........#####.
#........#
#........#
#........#
#.รท......#
#........#
#........#
#........#


You could see an ogre.

Vanquished Creatures
  Sigmund (D:2)
  4 gnolls (D:3)
  5 adders
  A worm (D:3)
  A dart slug (D:2)
  4 leopard geckos
  An orc (D:3)
  6 bats
  2 giant cockroaches
  4 goblins
  6 hobgoblins
  8 jackals (D:2)
  A quokka (D:2)
  4 frilled lizards
  7 kobolds
  5 rats
60 creatures vanquished.

Notes
Turn   | Place    | Note
-------+----------+-------------------------------------------
     0 | D:1      | Peloso the Minotaur Fighter began the quest for the Orb.
     0 | D:1      | Reached XP level 1. HP: 19/19 MP: 0/0
   126 | D:1      | Reached XP level 2. HP: 18/27 MP: 1/1
   482 | D:2      | Noticed Sigmund
   488 | D:2      | Killed Sigmund
   488 | D:2      | Reached XP level 3. HP: 34/34 MP: 2/2
   488 | D:2      | Reached XP level 4. HP: 41/41 MP: 3/3
   488 | D:2      | Reached XP level 5. HP: 47/47 MP: 4/4
   618 | D:2      | Reached skill level 5 in Shields
   660 | D:2      | Found a bloodstained altar of Trog.
   805 | D:2      | Found an opulent altar of Gozag.
   822 | D:2      | Reached skill level 5 in Long Blades
  1479 | D:3      | Found a glowing silver altar of Zin.
  1681 | D:3      | Reached XP level 6. HP: 53/53 MP: 5/5
  1811 | D:3      | Found a shimmering altar of Xom.
  1811 | D:3      | Found an ancient bone altar of Kikubaaqudgha.
  2234 | D:4      | HP: 2/53 [ogre/giant club (9)]
  2235 | D:4      | Demolished by an ogre

Skill      XL: |  1  2  3  4  5 |
---------------+----------------+-----
Fighting       | 4 |  4.4
Long Blades    | 4 5 |  5.2
Armour         | 4 |  4.8
Shields        | 4 5 |  5.3
Dodging        | |  0.9

Action                   |  1- 3 |  4- 6 || total
-------------------------+-------+-------++-------
Melee: Long sword        |    39 |   134 ||   173
       Headbutt          |     7 |    29 ||    36
  Eat: Chunk             |       |     4 ||     4
Armor: Scale mail        |    16 |    67 ||    83
Dodge: Dodged            |    10 |    53 ||    63
Block: Shield            |    29 |    94 ||   123
       Rpst.: Long sword |     7 |    14 ||    21
